 Dungeon Crawl Stone Soup version 0.25-a0-1024-gbfbf38f2cb (webtiles) character file.

Game seed: 7411211951125029366, levelgen mode: deterministic

323945 Flugslaktarn the Tortoise (level 20, -48/191 (193) HPs)
             Began as a Minotaur Fighter on May 12, 2020.
             Was an Initiate of Gozag.
             Killed from afar by a frost giant (73 damage)
             ... with a bolt of cold
             ... on level 5 of the Vaults.
             The game lasted 00:25:59 (37763 turns).

Flugslaktarn the Tortoise (Minotaur Fighter)       Turns: 37763, Time: 00:25:59

HP:   -48/191 (193) AC: 39    Str: 22    XL:     20   Next: 31%
MP:   0/33          EV: 13    Int: 18    God:    Gozag
Gold: 11189         SH: 18    Dex: 18    Spells: 19/19 levels left

rFire    + . .     SeeInvis .   J - +4 broad axe (flame)
rCold    . . .     Gourm    .   A - +2 kite shield
rNeg     + . .     Faith    .   W - +3 plate armour {MR+}
rPois    +         Spirit   +   g - +3 hat of Pondering {ponderous, MR+ MP+10 Int+5}
rElec    +         Reflect  .   H - +2 cloak {rPois}
rCorr    .         Harm     .   F - +0 pair of gloves of the Armoured One {rF+}
MR       ++++.     Clarity  +   y - +2 pair of boots
Stlth    ..........             N - amulet "Gehebb" {Spirit rPois rN+ Int+4}
HPRegen  0.41/turn              p - +4 ring of protection
MPRegen  0.23/turn              X - ring "Mokloitoxto" {rElec MR+ Int+4 Slay+2}

@: gold aura, drained, slow
A: retaliatory headbutt, horns 2, iridescent scales 1, clarity
}: 3/15 runes: decaying, serpentine, silver
a: Potion Petition, Call Merchant, Bribe Branch, Renounce Religion


You were on level 5 of the Vaults.
You worshipped Gozag.
Gozag was extremely pleased with you.
You were not hungry.

You visited 6 branches of the dungeon, and saw 35 of its levels.
You visited 2 bazaars.
You also visited: Sewer, Gauntlet and Ice Cave.

You collected 16298 gold pieces.
You spent 2357 gold pieces at shops.
You paid 2752 gold pieces to Gozag.

Inventory:

Hand Weapons
 J - a +4 broad axe of flaming (weapon)
   (You took it off Maggie on level 7 of the Dungeon)
Missiles
 S - a throwing net (quivered)
Armour
 g - the +3 hat of Pondering (worn) {ponderous, MR+ MP+10 Int+5}
   (You found it on level 8 of the Dungeon)

   It affects your intelligence (+5).
   It affects your resistance to hostile enchantments.
   It affects your magic capacity (+10).
 y - a +2 pair of boots (worn)
   (You found it on level 4 of the Dungeon)
 A - a +2 kite shield (worn)
   (You found it on level 1 of the Vaults)
 C - the +3 plate armour of Sif Muna's Reproof {rN+ rCorr}
   (You found it on level 14 of the Dungeon)

   It protects you from negative energy.
   It provides partial protection from all sources of acid and corrosion.
 F - the +0 pair of gloves of the Armoured One (worn) {rF+}
   (You bought it in a shop on level 3 of the Lair of Beasts)

   It protects you from fire.
 H - a +2 cloak of poison resistance (worn)
   (You acquired it in a Gauntlet)
 L - a +0 tower shield
   (You found it on level 6 of the Dungeon)
 W - a +3 plate armour of magic resistance (worn)
   (You found it on level 1 of the Vaults)
Jewellery
 c - an uncursed ring of protection from cold
   (You found it on level 3 of the Swamp)
 i - an uncursed ring of see invisible
   (You found it on level 3 of the Snake Pit)
 k - an uncursed ring of resist corrosion
   (You found it on level 1 of the Dungeon)
 o - a cursed -2 ring of strength {unknown}
   (You found it on level 4 of the Vaults)
 p - a +4 ring of protection (left hand)
   (You found it in a Gauntlet)
 N - the amulet "Gehebb" (around neck) {Spirit rPois rN+ Int+4}
   (You found it in a Gauntlet)

   [amulet of guardian spirit]

   It causes incoming damage to be split between your health and magic.
   It affects your intelligence (+4).
   It protects you from poison.
   It protects you from negative energy.
 Q - the ring of Cuokunam {rF+ MR+ Str+3}
   (You found it on level 4 of the Swamp)

   [ring of protection from magic]

   It affects your strength (+3).
   It protects you from fire.
   It affects your resistance to hostile enchantments.
 X - the ring "Mokloitoxto" (right hand) {rElec MR+ Int+4 Slay+2}
   (You bought it in a shop in a bazaar)

   [ring of protection from magic]

   It affects your intelligence (+4).
   It affects your accuracy and damage with ranged weapons and melee attacks
   (+2).
   It insulates you from electricity.
   It affects your resistance to hostile enchantments.
 Y - a +3 amulet of reflection
   (You took it off an ironbrand convoker on level 5 of the Vaults)
Wands
 a - a wand of paralysis (10)
   (You found it on level 5 of the Lair of Beasts)
 f - a wand of enslavement (9)
   (You found it on level 4 of the Lair of Beasts)
 u - a wand of iceblast (11)
   (You found it in an ice cave)
 v - a wand of digging (6)
   (You found it on level 1 of the Lair of Beasts)
 G - a wand of acid (9)
   (You found it on level 4 of the Lair of Beasts)
 O - a wand of clouds (7)
   (You found it in a Gauntlet)
Scrolls
 b - 2 scrolls of enchant armour
 r - 5 scrolls of identify
 s - 7 scrolls of fog
 t - 11 scrolls of teleportation
 x - 15 scrolls of remove curse
 z - 8 scrolls of blinking
 E - 2 scrolls of summoning
 K - 5 scrolls of holy word
 P - a scroll of fear
 R - 4 scrolls of magic mapping
 U - a scroll of silence
 V - a scroll of brand weapon
Potions
 d - 6 potions of might
 h - 5 potions of haste
 j - 6 potions of lignification
 l - 5 potions of mutation
 m - 10 potions of flight
 n - a potion of resistance
 q - 9 potions of curing
 w - 3 potions of heal wounds
 B - a potion of ambrosia
 D - 2 potions of cancellation
 I - a potion of magic
 T - a potion of berserk rage
Miscellaneous
 M - a tin of tremorstones (3/3)
   (You found it on level 3 of the Swamp)
Comestibles
 e - 16 rations


   Skills:
 + Level 20.0(18.5) Fighting
 - Level 18.5(17.0) Axes
 + Level 20.0(18.5) Armour
 - Level 11.0(9.7) Dodging
 + Level 20.0(18.5) Shields
 - Level 6.0(4.9) Evocations


You had 19 spell levels left.
You didn't know any spells.
Your spell library was empty.

Dungeon Overview and Level Annotations

Branches:
Dungeon (15/15)            Temple (1/1) D:6            Lair (6/6) D:8
  Swamp (4/4) Lair:2        Snake (4/4) Lair:2        Slime (0/5) Lair:6
 Vaults (5/5) D:14          Crypt (0/3) Vaults:3     Depths (0/5) D:15
  Sewer (visited)           IceCv (visited)         Gauntlet (visited)
    Orc: D:9-12

Altars:
Ashenzari
Cheibriados
Dithmenos
Elyvilon
Fedhas
Gozag
Kikubaaqudgha
Makhleb
Nemelex Xobeh
Okawaru
Qazlal
Ru
Sif Muna
Trog
Uskayaw
Vehumet
Wu Jian
Xom
Zin
The Shining One
Beogh
Jiyva

Shops:
D:6 %   Lair:3 *[   Vaults:1 %*

Annotations:
D:3 1 runed translucent door, wullow's ghost, weakling DsWz
D:12 1 transporter, Docoseo's ghost, journeyman OpVM
Lair:2 exclusion: oklob plant


Innate Abilities, Weirdness & Mutations

You reflexively headbutt those who attack you in melee.
You have a pair of horns on your head.
You are partially covered in iridescent scales. (AC +2)
You possess an exceptional clarity of mind.


Message History

The tentacled monstrosity's grasp on you weakens, but your attempt to escape fails.
The tentacled monstrosity tentacle-slaps you!
* * * LOW HITPOINT WARNING * * *
The tentacled monstrosity tentacle-slaps you!
* * * LOW HITPOINT WARNING * * *
You block the tentacled monstrosity's attack.
The tentacled monstrosity constricts you.
You block the deep elf high priest's attack.
The vault guard hits you but does no damage.
The shadow dragon bites you but does no damage.
The shadow dragon claws you but does no damage.
The shadow dragon barely misses you.
The vault warden hits you with a +2 great sword of holy wrath!
* * * LOW HITPOINT WARNING * * *
You escape the tentacled monstrosity's grasp.
The frost giant casts a spell at you.
The bolt of cold hits the shadow dragon.
The shadow dragon resists.
The bolt of cold hits you!!!!
You die...
Your body crumbles into a pile of gold.

#... #... # #...# .#
#...####.
#.......#####
#....C.p.....
#...eDX......
#....(p......
#...@........
#....################
#....................
#..#.................
#..#..###..#.#.#.#.#.
#..#.:#..............
#..#..#..............
#..#....[..#.#.#)#.#.
#..#...... #...).))..


You could see a shadow dragon, a tentacled monstrosity, a frost giant
(empowered), a vault warden, a vault guard and a deep elf high priest
(brilliance aura).

Vanquished Creatures
  An ancient lich (Vaults:5)
  Bai Suzhen (Vaults:3)
  A golden dragon (Vaults:5)
  Nikola (Snake:2)
  A bone dragon (Swamp:4)
  The ghost of Wakhat the Tortoise, an adept MiFi of the Shining One (Vaults:1)
  4 sphinxes
  A thorn hunter (Swamp:4)
  A shadow dragon (Vaults:5)
  Donald (Vaults:1)
  8 nagarajas (Snake:4)
  A frost giant (IceCv)
  An orc warlord (Vaults:1)
  2 fire giants
  11 vault wardens
  4 very ugly things
  9 ironheart preservers
  A war gargoyle (Vaults:5)
  4 stone giants
  A stone giant (shapeshifter) (Vaults:5)
  A deep elf demonologist (Vaults:1)
  A minotaur (Gauntlet)
  2 crystal guardians
  A green death (Gauntlet)
  4 ettins (Vaults:5)
  Josephine (D:11)
  10 yaktaur captains
  A deep elf death mage (Vaults:1)
  Fannar (Lair:2)
  20 vault guards
  12 naga warriors
  A rakshasa (Vaults:1)
  A great orb of eyes (shapeshifter) (Vaults:5)
  2 ghost crabs (Swamp:4)
  8 hydras
  26 two-headed ogres
  5 centaur warriors
  Erica (D:11)
  4 anacondas
  A death knight (Vaults:3)
  6 alligators
  A death yak (IceCv)
  7 ogre magi
  A death scarab (Gauntlet)
  2 deep troll earth magi (Vaults:2)
  An orc high priest (Vaults:1)
  13 naga sharpshooters
  3 shock serpents (Snake:4)
  Sonja (D:10)
  2 deep elf knights (Vaults:1)
  A spriggan (Swamp:1)
  5 skeletal warriors
  A flayed ghost (Vaults:3)
  2 naga ritualists (Snake:4)
  4 spectral hydras
  A swamp dragon (shapeshifter) (Vaults:5)
  A death drake (Swamp:4)
  8 deep trolls
  An orange crystal statue (Vaults:4)
  2 wizards
  A harpy (shapeshifter) (Vaults:2)
  A glowing orange brain (Vaults:2)
  2 necromancers
  9 ironbrand convokers
  8 orc knights
  3 phantasmal warriors
  2 mana vipers (Snake:4)
  10 deep elf magi
  An orc sorcerer (Vaults:2)
  A wolf spider zombie (D:15)
  3 wolf spiders
  3 manticores
  26 ugly things
  A tengu skeleton (Vaults:4)
  2 cyclopes
  8 elephants
  3 salamanders
  15 naga magi
  16 black mambas
  Joseph (D:7)
  2 guardian serpents
  19 spiny frogs
  11 vault sentinels
  2 orange demons (Gauntlet)
  4 rime drakes
  A gargoyle (D:14)
  A hellion (Gauntlet)
  A rime drake (shapeshifter) (Vaults:4)
  4 komodo dragons
  Maggie (D:7)
  3 swamp worm zombies (Swamp:4)
  An efreet (D:15)
  A komodo dragon (shapeshifter) (D:13)
  24 yaktaurs
  2 freezing wraiths
  2 human skeletons (Vaults:3)
  3 meliai (D:15)
  3 hydra zombies (Swamp:4)
  A merfolk (shapeshifter) (Vaults:5)
  A queen bee (Gauntlet)
  A hornet (shapeshifter) (Vaults:4)
  4 trolls
  9 tyrant leeches
  16 polar bears (IceCv)
  6 hornets
  2 ettin zombies
  10 blink frogs
  4 alligator zombies (Swamp:4)
  2 spectral swamp dragons (Swamp:4)
  5 hippogriffs
  A meliai zombie (D:15)
  12 slime creatures
  A stone giant simulacrum (Vaults:2)
  6 bog bodies
  5 shadows
  10 wraiths
  A wyvern (D:14)
  55 yaks
  A human (D:11)
  4 hungry ghosts
  2 steam dragons
  3 hogs (D:11)
  18 vampire mosquitoes
  5 swamp worms
  28 nagas
  5 insubstantial wisps (Swamp:4)
  A warg (Vaults:2)
  3 acid dragons
  8 porcupines
  A swamp drake (Swamp:4)
  4 sky beasts
  20 orc warriors
  4 water moccasins
  2 ice beasts
  2 black bears
  4 swamp dragon zombies (Swamp:4)
  8 necrophages
  31 ogres
  9 phantoms
  18 wolves
  11 crocodiles
  17 centaurs
  2 big kobolds
  16 bullfrogs
  A water moccasin zombie (D:9)
  An ogre simulacrum (Vaults:1)
  4 scorpions
  28 killer bees
  3 wights (D:7)
  4 howler monkeys
  3 electric eels
  3 centaur zombies
  5 crimson imps
  A bullfrog zombie (D:6)
  A human simulacrum (Vaults:4)
  4 centaur skeletons
  8 hounds
  8 orc wizards
  15 orc priests
  6 jellies
  2 bullfrog skeletons
  Ijyb (D:3)
  Jessica (D:3)
  Terence (D:2)
  6 iguanas
  A spectral swamp drake (Swamp:4)
  4 worker ants
  A hound skeleton (D:9)
  2 hound zombies
  A worker ant zombie (D:5)
  Robin (D:2)
  20 adders
  2 swamp drake zombies (Swamp:4)
  4 river rats
  5 shadow imps
  An ooze (D:2)
  3 adder skeletons
  4 adder zombies
  8 worms
  A dart slug (D:1)
  4 leopard geckos
  54 orcs
  8 bats
  4 giant cockroaches
  16 goblins
  17 hobgoblins
  2 jackals (Sewer)
  20 kobolds
  3 quokkas
  A ball python (D:3)
  8 frilled lizards
  2 leopard gecko skeletons
  A quokka skeleton (D:7)
  11 rats
  A butterfly (Lair:2)
  2 fungi
  6 plants
1125 creatures vanquished.

Vanquished Creatures (others)
  A naga sharpshooter (Snake:4)
  A naga (Snake:4)
  An insubstantial wisp (Swamp:4)
  7 fungi
  2 plants
12 creatures vanquished.

Grand Total: 1137 creatures vanquished

Notes
Turn   | Place    | Note
-------+----------+-------------------------------------------
     0 | D:1      | Flugslaktarn the Minotaur Fighter began the quest for the
                  | Orb.
     0 | D:1      | Reached XP level 1. HP: 19/19 MP: 0/0
   167 | D:1      | Reached XP level 2. HP: 20/27 MP: 1/1
   454 | D:1      | Reached XP level 3. HP: 33/33 MP: 2/2
   899 | D:2      | Found a shattered altar of Ashenzari.
   922 | D:2      | Reached XP level 4. HP: 33/40 MP: 3/3
  1362 | D:2      | Noticed Robin
  1372 | D:2      | Noticed Terence
  1376 | D:2      | Killed Robin
  1377 | D:2      | Reached XP level 5. HP: 25/47 MP: 4/4
  1386 | D:2      | Killed Terence
  1694 | D:2      | Noticed a phantom
  1724 | D:2      | Killed a phantom
  1724 | D:2      | Reached skill level 5 in Axes
  1724 | D:2      | Reached XP level 6. HP: 42/55 MP: 5/5
  1947 | D:2      | Gained mutation: Your magical capacity is low. (-10% MP)
                  | [potion of mutation]
  1947 | D:2      | Gained mutation: You are agile. (Dex +2) [potion of
                  | mutation]
  1947 | D:2      | Gained mutation: Your mind is acute. (Int +2) [potion of
                  | mutation]
  1947 | D:2      | Gained mutation: You have a pair of large horns on your
                  | head. [potion of mutation]
  1948 | D:2      | Lost mutation: Your magical capacity is low. (-10% MP)
                  | [potion of mutation]
  1948 | D:2      | Lost mutation: You are agile. (Dex +2) [potion of mutation]
  1948 | D:2      | Gained mutation: You are partially covered in thin metallic
                  | scales. (AC +2) [potion of mutation]
  2264 | D:3      | Noticed Jessica
  2272 | D:3      | Killed Jessica
  2272 | D:3      | Reached skill level 5 in Fighting
  2309 | D:3      | Noticed Ijyb
  2318 | D:3      | Killed Ijyb
  2318 | D:3      | Reached skill level 5 in Armour
  2318 | D:3      | Reached skill level 5 in Shields
  2538 | D:3      | Found a runed translucent door.
  2538 | D:3      | Noticed wullow's ghost (weakling DsWz)
  3106 | D:4      | Reached XP level 7. HP: 45/61 MP: 6/6
  3673 | D:5      | Entered Level 5 of the Dungeon
  3716 | D:5      | Found a glowing drain.
  3730 | Sewer    | Entered a sewer
  3843 | Sewer    | Found a white marble altar of Elyvilon.
  3927 | D:5      | Found a shimmering altar of Xom.
  4379 | D:5      | Found a glowing golden altar of the Shining One.
  4715 | D:6      | Found a bloodstained altar of Trog.
  4729 | D:6      | Reached XP level 8. HP: 45/70 MP: 7/7
  4740 | D:6      | Found a white marble altar of Elyvilon.
  4869 | D:6      | Found a staircase to the Ecumenical Temple.
  4965 | Temple   | Entered the Ecumenical Temple
  5172 | Temple   | Became a worshipper of Gozag Ym Sagoz the Greedy
  5512 | D:6      | Found Qirghen's Food Shop.
  5578 | D:7      | Noticed Maggie
  5596 | D:7      | Killed Maggie
  5596 | D:7      | Reached XP level 9. HP: 71/78 MP: 8/8
  6231 | D:7      | Noticed Joseph
  6249 | D:7      | Killed Joseph
  6249 | D:7      | Reached skill level 10 in Axes
  6416 | D:8      | Found the +3 hat of Pondering {ponderous, MR+ MP+10 Int+5}
  6547 | D:8      | Found a staircase to the Lair.
  7262 | Lair:1   | Entered Level 1 of the Lair of Beasts
  7824 | D:9      | Reached XP level 10. HP: 90/90 MP: 9/9
  7845 | D:9      | Noticed a two-headed ogre
  7852 | D:9      | Killed a two-headed ogre
  7998 | D:9      | Noticed a two-headed ogre
  8005 | D:9      | Killed a two-headed ogre
  8859 | Lair:1   | Noticed a six-headed hydra
  8875 | Lair:1   | Killed an eight-headed hydra
  9502 | Lair:2   | Found a staircase to the Swamp.
  9520 | Lair:2   | Reached XP level 11. HP: 55/99 MP: 10/10
  9906 | Lair:2   | Reached skill level 1 in Evocations
 10001 | Lair:2   | Reached skill level 10 in Fighting
 10001 | Lair:2   | Reached skill level 10 in Shields
 10005 | Lair:2   | Reached skill level 10 in Armour
 10233 | Lair:2   | Noticed Fannar
 10264 | Lair:2   | Killed Fannar
 10489 | Lair:2   | Found a staircase to the Snake Pit.
 10886 | Lair:2   | Noticed an oklob plant
 11229 | Lair:3   | Noticed a four-headed hydra
 11698 | Lair:3   | Noticed a five-headed hydra
 11704 | Lair:3   | Killed a five-headed hydra
 12013 | Lair:3   | Reached XP level 12. HP: 108/108 MP: 13/13
 12094 | Lair:3   | Killed an eight-headed hydra
 12760 | Lair:3   | Lost mutation: Your mind is acute. (Int +2) [potion of
                  | mutation]
 12760 | Lair:3   | Lost mutation: You have a pair of large horns on your head.
                  | [potion of mutation]
 12760 | Lair:3   | Lost mutation: You are partially covered in thin metallic
                  | scales. (AC +2) [potion of mutation]
 12760 | Lair:3   | Gained mutation: You possess an exceptional clarity of
                  | mind. [potion of mutation]
 12760 | Lair:3   | Gained mutation: You are partially covered in iridescent
                  | scales. (AC +2) [potion of mutation]
 12768 | Lair:3   | Bought the +0 pair of gloves of the Armoured One {rF+} for
                  | 296 gold pieces
 13281 | Lair:4   | Found a frozen archway.
 13295 | IceCv    | Entered an ice cave
 13351 | IceCv    | Reached skill level 15 in Axes
 13705 | IceCv    | Reached skill level 5 in Evocations
 14128 | IceCv    | Noticed a frost giant
 14128 | IceCv    | Noticed a death yak
 14132 | IceCv    | Reached XP level 13. HP: 115/115 MP: 15/15
 14161 | IceCv    | HP: 3/117 [frost giant/bolt of cold (31)]
 14162 | IceCv    | Killed a frost giant
 14830 | IceCv    | Got a wavering silver ring
 14932 | Lair:4   | Identified the ring "Quegh" {Ice Str+4 Dex-5 Slay+2} (You
                  | found it in an ice cave)
 16476 | Lair:6   | Entered Level 6 of the Lair of Beasts
 16629 | Lair:6   | Found a staircase to the Slime Pits.
 16630 | Lair:6   | Found a viscous altar of Jiyva.
 18315 | Lair:6   | Noticed a dire elephant
 18315 | Lair:6   | Noticed a dire elephant
 18323 | Lair:6   | Noticed a dire elephant
 18533 | D:10     | Entered Level 10 of the Dungeon
 18557 | D:10     | Noticed Sonja
 18561 | D:10     | Killed Sonja
 19644 | D:11     | Found a gate leading to a gauntlet.
 19655 | Gauntlet | Entered a Gauntlet
 19655 | Gauntlet | Found a transporter.
 19718 | Gauntlet | Found a transporter.
 19721 | Gauntlet | Found a transporter.
 19722 | Gauntlet | Found a transporter.
 19731 | Gauntlet | Found a transporter.
 19733 | Gauntlet | Found a transporter.
 19734 | Gauntlet | Found a transporter.
 19743 | Gauntlet | Found a transporter.
 19745 | Gauntlet | Found a transporter.
 19746 | Gauntlet | Found a transporter.
 19753 | Gauntlet | Found a runed translucent door.
 19755 | Gauntlet | Found a transporter.
 19757 | Gauntlet | Found a transporter.
 19758 | Gauntlet | Found a transporter.
 19774 | Gauntlet | Found a transporter.
 19793 | Gauntlet | Noticed a green death
 19855 | Gauntlet | Reached XP level 14. HP: 76/127 MP: 17/17
 19866 | Gauntlet | HP: 1/127 [death scarab (18)]
 20579 | Gauntlet | Identified a scroll of acquirement
 20579 | Gauntlet | Identified the +3 war axe of Dafuri {chaos, rF+} (You
                  | acquired it in a Gauntlet)
 20606 | Gauntlet | Got a fine brass amulet
 20882 | Gauntlet | Identified the amulet "Gehebb" {Spirit rPois rN+ Int+4}
                  | (You found it in a Gauntlet)
 21214 | D:11     | Noticed Josephine
 21225 | D:11     | Killed Josephine
 21443 | D:11     | Noticed Erica
 21450 | D:11     | Killed Erica
 21980 | D:12     | Found a transporter.
 21995 | D:12     | Noticed Docoseo's ghost (journeyman OpVM)
 22506 | D:13     | Got a twitching granite ring
 22935 | D:13     | Identified the ring "Pougir" {Ice +Blink rPois Int+4} (You
                  | found it on level 13 of the Dungeon)
 23299 | D:14     | Got an ancient plate armour
 23310 | D:14     | Identified the +3 plate armour of Sif Muna's Reproof {rN+
                  | rCorr} (You found it on level 14 of the Dungeon)
 23629 | D:14     | Found a gate to the Vaults.
 23629 | D:14     | Noticed an ironheart preserver
 23636 | D:14     | Killed an ironheart preserver
 23740 | D:15     | Entered Level 15 of the Dungeon
 23756 | D:15     | Reached XP level 15. HP: 102/138 MP: 18/18
 23945 | D:15     | Found a roughly hewn altar of Beogh.
 24205 | D:15     | Reached skill level 1 in Dodging
 24415 | D:15     | Found a staircase to the Depths.
 24415 | D:15     | Noticed a fire giant
 24466 | D:15     | Killed a fire giant
 25472 | Swamp:1  | Entered Level 1 of the Swamp
 25921 | Swamp:2  | Identified the amulet "Fos Gell" {Regen+ Dex+6 Stlth+} (You
                  | acquired it on level 2 of the Swamp)
 26172 | Swamp:4  | Entered Level 4 of the Swamp
 26557 | Swamp:4  | Noticed a thorn hunter
 26570 | Swamp:4  | Killed a thorn hunter
 26725 | Swamp:4  | Reached skill level 5 in Dodging
 26797 | Swamp:4  | Reached skill level 15 in Shields
 26826 | Swamp:4  | Noticed a bone dragon
 26829 | Swamp:4  | Reached skill level 15 in Armour
 26836 | Swamp:4  | Reached skill level 15 in Fighting
 27237 | Swamp:4  | Got a bound silver ring
 27241 | Swamp:4  | Identified the ring of Cuokunam {rF+ MR+ Str+3} (You found
                  | it on level 4 of the Swamp)
 27422 | Swamp:4  | Killed a bone dragon
 27734 | Swamp:4  | Got a decaying rune of Zot
 28190 | Snake:1  | Entered Level 1 of the Snake Pit
 28346 | Snake:2  | Reached XP level 16. HP: 138/147 MP: 19/19
 28444 | Snake:2  | Noticed Nikola
 28464 | Snake:2  | Killed Nikola
 28687 | Snake:4  | Entered Level 4 of the Snake Pit
 30760 | Snake:4  | Got a serpentine rune of Zot
 31388 | Snake:4  | Reached XP level 17. HP: 155/158 MP: 20/20
 31530 | Snake:1  | Reached XP level 18. HP: 165/166 MP: 21/21
 31777 | Vaults:1 | Entered Level 1 of the Vaults
 32001 | Vaults:1 | Reached skill level 10 in Dodging
 32036 | Vaults:1 | Noticed Donald
 32049 | Vaults:1 | Killed Donald
 32067 | Vaults:1 | Found Nuvuly's Food Emporium.
 32215 | Vaults:1 | Found Cour's Assorted Antiques.
 32219 | Vaults:1 | Bought a potion of mutation for 272 gold pieces
 33015 | Vaults:1 | Noticed Wakhat's ghost (adept MiFi)
 33016 | Vaults:1 | Found a runed translucent gate.
 33016 | Vaults:1 | Found a runed translucent gate.
 33016 | Vaults:1 | Found a runed translucent gate.
 33020 | Vaults:1 | Found a roughly hewn altar of Beogh.
 33474 | Vaults:1 | Killed Wakhat's ghost
 34853 | Vaults:3 | Reached XP level 19. HP: 122/177 MP: 22/22
 34873 | Vaults:3 | Identified the +3 plate armour of Integrity {MR- Int+5}
                  | (You found it on level 3 of the Vaults)
 34879 | Vaults:3 | Found a flickering gateway to a bazaar.
 34884 | Bazaar   | Entered a bazaar
 34884 | Bazaar   | Found Sokeb's Antique Weapon Shop.
 34884 | Bazaar   | Found Caududgh's Antique Weapon Shoppe.
 35010 | Bazaar   | Found Voesusal's Armour Shop.
 35010 | Bazaar   | Found Seoqihyst's Jewellery Emporium.
 35069 | Bazaar   | Bought the ring "Mokloitoxto" {rElec MR+ Int+4 Slay+2} for
                  | 669 gold pieces
 35106 | Vaults:3 | Noticed Bai Suzhen
 35128 | Vaults:3 | Killed Bai Suzhen
 36043 | Vaults:4 | Found a gateway to a bazaar.
 36110 | Bazaar   | Entered a bazaar
 36129 | Bazaar   | Found Roung's Distillery.
 36151 | Bazaar   | Found Wuguadd's Armour Shoppe.
 36183 | Bazaar   | Found Cujad's Antique Armour Shoppe.
 36194 | Bazaar   | Found Ciun's Jewellery Shoppe.
 36205 | Bazaar   | Found Gaosunut's Book Emporium.
 36233 | Bazaar   | Bought an encrusted plate armour for 1120 gold pieces
 36233 | Bazaar   | Identified the cursed +1 plate armour of Articulation
                  | {Int+2} (You bought it in a shop in a bazaar)
 36685 | Vaults:5 | Entered Level 5 of the Vaults
 36820 | Vaults:5 | Got a silver rune of Zot
 37069 | Vaults:5 | Reached XP level 20. HP: 91/190 MP: 23/23
 37333 | Vaults:5 | Noticed an ancient lich
 37349 | Vaults:5 | Noticed a golden dragon
 37355 | Vaults:5 | Killed an ancient lich
 37370 | Vaults:5 | Identified the +3 plate armour "Pemyab" {*Drain rPois Str+3
                  | Dex+3}
 37374 | Vaults:5 | Killed a golden dragon
 37763 | Vaults:5 | Killed from afar by a frost giant

Illustrated notes

Levels and vault maps discovered:
D:1:      roderic_dead_forest, layout_rooms
D:2:      layout_basic, ashenzari_altar_1, hangedman_decor_push,
          minmay_joined_circles, uniq_terence, uniq_robin
D:3:      layout_basic, ebering_ghost_sewer_d, uniq_ijyb, uniq_jessica
D:4:      layout_layer_cave
D:5:      layout_loops_corners, nicolae_overflow_hidden_temple, first_ration,
          portal_sewer_entry_a, xom_teletrap_fun
D:6:      layout_rooms, grunt_temple_overflow_open, minmay_temple_entry_glass,
          kennysheep_small_square
D:7:      layout_loops_corners, uniq_maggie, uniq_joseph
D:8:      layout_rooms, lair_entry_dummy
D:9:      kennysheep_windowed_halls, layout_stronghold
D:10:     layout_loops_ring, uniq_sonja
D:11:     cheibrodos_helix_gallery, layout_cross, gauntlet_entry_generic,
          grunt_livestock, uniq_erica, uniq_josephine
D:12:     layout_basic, hiddenorc2_lemuel, gammafunk_ghost_mausoleum
D:13:     layout_loops_ring, hex_tiny, kb_rosetta
D:14:     layout_irregular_city, skrybe_vaults_entry_preservation,
          minmay_misc_feat_alley
D:15:     grunt_enter_depths_giant_problem, layout_loops_cross, special_room
          [special_room_orc], chequers_serial_rivers_micro_a,
          grunt_ministairs_6, nrook_mini_backslash
Temple:   dpeg_five_rooms_temple
Lair:1:   layout_chaotic_city, grunt_megastairs_3, infiniplex_staircase_pool
Lair:2:   layout_long_grid, minmay_swamp_entry_worms,
          guppyfry_snake_entry_garden, lemuel_fruit_fields,
          minmay_lair_oklob_chamber, uniq_fannar
Lair:3:   layout_chaotic_city, beast_lair_carwin_8
Lair:4:   layout_long_grid, portal_ice_cave_rime, roderic_carrion_pond,
          grunt_megastairs_5, serial_bayou_shore_a
Lair:5:   layout_long_grid
Lair:6:   due_jungle_book, layout_long_grid, slime_altar_1
Swamp:1:  layout_falls_marsh, hangedman_swamp_ruin_wall, swamp_pool1
Swamp:2:  layout_basic_swamp, gammafunk_ghost_abyssal_escape,
          evilmike_swamp_ruin_house_2
Swamp:3:  layout_falls_marsh, evilmike_swamp_ruin_house_3
Swamp:4:  swamp_pestilence, layout_basic_swamp
Snake:1:  layout_onion_interference, gammafunk_ghost_berserking_beasts,
          drop_trap, nicolae_snake_double_loop
Snake:2:  layout_chambers, drop_trap, grunt_megastairs_1, serial_bayou_shore_b,
          serial_bayou_shore_b, uniq_vashnia, uniq_aizul, uniq_nikola
Snake:3:  layout_misc_corridors, serial_shops, nicolae_shop_behind_doors,
          uniq_asterion, uniq_jorgrun, uniq_kirke
Snake:4:  snake_pit, layout_cave_town, nicolae_snake_linked_coils
Vaults:1: biasface_vaults_ghost_orc_armoury, ontoclasm_vaults_loading_screen,
          grunt_vaults_hallway_short, nicolae_vaults_sealed_display,
          hangedman_vaults_locks, hangedman_vaults_cutoff, v_alt_pattern_3,
          grunt_vaults_hallway_long, v_rooms_3, v_alt_pattern_4, v_misc_27,
          ontoclasm_vaults_ring_small, layout_vaults_omnibox, serial_shops,
          shop_coins, shop, uniq_donald
Vaults:2: v_misc_16, nicolae_vaults_inception_corners,
          vaults_room_stairs_pillars, vaults_room_pool,
          nicolae_vaults_border_crossing, v_misc_13,
          nicolae_vaults_ring_of_whatevers, layout_vaults_omnigrid,
          serial_shops, nicolae_shop_competitors_out_of_business
Vaults:3: minmay_crypt_entry_simple_walls, st_hourglassy, v_misc_14,
          vaults_room_pools, ontoclasm_vaults_idyll, v_misc_26, v_misc_30,
          serial_ice_b, v_alt_pattern_6, hangedman_vaults_stream,
          ontoclasm_vaults_shuriken, v_alt_pattern_1, v_misc_5,
          nicolae_vaults_shelves_hall, ontoclasm_vaults_eye, layout_vaults_ring,
          serial_shops, bzr_entry_dummy, uniq_bai_suzhen
Vaults:4: hangedman_vaults_corner_blocks, vaults_dpeg_spiral,
          ontoclasm_vaults_decontamination, nicolae_vaults_fighting_squares,
          grunt_vaults_diagonal, nicolae_vaults_little_squares_4,
          grunt_vaults_swirl, nicolae_vaults_theta,
          nicolae_vaults_diagonal_hallway_8, hangedman_vaults_hat,
          nicolae_vaults_little_ls, nicolae_vaults_alarming,
          vaults_standard_mumra_lines, layout_vaults_maze, serial_shops,
          statue_bzr, uniq_margery
Vaults:5: serial_shops

Skill      XL: |  1  2  3  4  5  6  7  8  9 10 11 12 13 14 15 16 17 18 19 20 |
---------------+-------------------------------------------------------------+-----
Axes           | 3 4 5 6 7 9 11 12 14 15 17 18 | 18.5
Shields        | 4 5 6 7 8 9 10 11 13 14 15 16 18 19 20 | 20.0
Fighting       | 4 5 6 7 8 9 10 11 12 14 15 16 18 19 20 | 20.0
Armour         | 4 5 6 7 8 9 10 11 12 14 15 16 18 19 20 | 20.0
Evocations     | 3 5 6 |  6.0
Dodging        | 6 9 11 | 11.0

Action                   |  1- 3 |  4- 6 |  7- 9 | 10-12 | 13-15 | 16-18 | 19-21 || total
-------------------------+-------+-------+-------+-------+-------+-------+-------++-------
Melee: War axe           |    85 |   172 |   172 |       |       |       |       ||   429
       Headbutt          |    10 |    29 |    59 |   151 |   320 |   204 |   183 ||   956
       Broad axe         |       |       |   158 |   557 |  1327 |   839 |   595 ||  3476
Invok: Call Merchant     |       |       |       |     2 |       |       |       ||     2
       Potion Petition   |       |       |       |       |     4 |       |       ||     4
Evoke: Wand              |       |       |       |    13 |    15 |       |       ||    28
  Use: Scroll            |       |     7 |    15 |     1 |    27 |     7 |     3 ||    60
       Potion            |       |     2 |     1 |     2 |     6 |     1 |       ||    12
 Stab: Distracted        |       |       |       |     6 |     9 |     8 |     8 ||    31
       Paralysed         |       |       |       |       |     7 |       |       ||     7
       Sleeping          |       |       |       |       |     3 |       |       ||     3
  Eat: Chunk             |       |     6 |     8 |       |       |       |       ||    14
       Ration            |       |       |     5 |     7 |    15 |     6 |     3 ||    36
Armor: Scale mail        |    50 |    46 |       |       |       |       |       ||    96
       Chain mail        |       |     9 |   178 |   284 |   286 |       |       ||   757
       Plate armour      |       |       |       |       |   309 |   253 |   221 ||   783
       Skin              |       |       |       |       |    15 |       |       ||    15
Dodge: Dodged            |    24 |    55 |    63 |    77 |   195 |   173 |   167 ||   754
Block: Kite shield       |    54 |    91 |    69 |       |       |   193 |   356 ||   763
       Tower shield      |       |       |   171 |   506 |  1145 |   407 |       ||  2229

Table legend:
 A = Non-vault XP
 B = Vault XP
 C = Vault XP percentage of total XP
 D = Non-vault monster count
 E = Vault monster count
 F = Vault count percentage of total count
                 A         B        C        D         E       F
            +---------+---------+-------+---------+---------+-------
      Total |  195471 |  240513 |  55.2 |     669 |     450 |  40.2
            +---------+---------+-------+---------+---------+-------
        D:1 |      42 |       0 |   0.0 |      23 |       0 |   0.0
        D:2 |     124 |     229 |  64.9 |      30 |      28 |  48.3
        D:3 |      32 |      75 |  70.1 |       8 |       2 |  20.0
        D:4 |     525 |       0 |   0.0 |      23 |       0 |   0.0
        D:5 |     146 |      15 |   9.3 |       7 |       3 |  30.0
        D:6 |     830 |     119 |  12.5 |      21 |       1 |   4.5
        D:7 |     865 |     814 |  48.5 |      21 |       2 |   8.7
        D:8 |    1242 |       0 |   0.0 |      29 |       0 |   0.0
        D:9 |     438 |    3369 |  88.5 |      12 |      15 |  55.6
       D:10 |    3427 |     820 |  19.3 |      47 |       1 |   2.1
       D:11 |    3882 |    4699 |  54.8 |      31 |      14 |  31.1
       D:12 |     544 |       0 |   0.0 |       6 |       0 |   0.0
       D:13 |    6738 |    1267 |  15.8 |      32 |       4 |  11.1
       D:14 |    7837 |    4942 |  38.7 |      20 |       9 |  31.0
       D:15 |    7594 |    6263 |  45.2 |      28 |      28 |  50.0
     Lair:1 |    1539 |       0 |   0.0 |       6 |       0 |   0.0
     Lair:2 |    4138 |    3248 |  44.0 |      17 |      11 |  39.3
     Lair:3 |    4313 |    2677 |  38.3 |      13 |       8 |  38.1
     Lair:4 |    5694 |    1966 |  25.7 |      22 |      12 |  35.3
     Lair:5 |    2696 |       0 |   0.0 |      11 |       0 |   0.0
     Lair:6 |    8309 |    2942 |  26.1 |      25 |       5 |  16.7
    Swamp:1 |    6919 |       0 |   0.0 |      20 |       0 |   0.0
    Swamp:2 |    3327 |       0 |   0.0 |       7 |       0 |   0.0
    Swamp:3 |    2369 |       0 |   0.0 |       5 |       0 |   0.0
    Swamp:4 |    7353 |   15257 |  67.5 |      15 |      42 |  73.7
    Snake:1 |    3028 |       0 |   0.0 |       4 |       0 |   0.0
    Snake:2 |    3819 |    4156 |  52.1 |      10 |       1 |   9.1
    Snake:3 |    4120 |       0 |   0.0 |       9 |       0 |   0.0
    Snake:4 |   22009 |   31039 |  58.5 |      32 |      44 |  57.9
   Vaults:1 |   22288 |   33683 |  60.2 |      33 |      50 |  60.2
   Vaults:2 |   16859 |       0 |   0.0 |      33 |       0 |   0.0
   Vaults:3 |   15646 |   27499 |  63.7 |      21 |      32 |  60.4
   Vaults:4 |   20616 |   11122 |  35.0 |      34 |      19 |  35.8
   Vaults:5 |    6163 |   64952 |  91.3 |      14 |      44 |  75.9
      Sewer |       0 |     141 | 100.0 |       0 |      12 | 100.0
      IceCv |       0 |   12608 | 100.0 |       0 |      47 | 100.0
   Gauntlet |       0 |    6611 | 100.0 |       0 |      16 | 100.0
            +---------+---------+-------+---------+---------+-------
